BR
SANTA CLARITA MUSIC @ OCEANSIDE SWAMP FOXES
08/05/2026
 
TOP OF THE 1ST
Santa Clarita Music batting - Pitching for Oceanside Swamp Foxes : LHP Gabriel Rodríguez
Pitching: LHP Gabriel Rodríguez
Batting: RHB Art Cameron 0-0: Called Strike
0-1: Swinging Strike
0-2: Ball
1-2: Foul Ball, location: 2F
1-2: Fly out, F8 (Flyball, 8LS)
Batting: RHB Justin Geoghegan 0-0: Called Strike
0-1: Ground out 1-3 (Groundball, 13S)
Batting: LHB Rubén Salazar 0-0: Ground out U3 (Groundball, 3S)
Top of the 1st over - 0 run(s), 0 hit(s), 0 error(s), 0 left on base; Santa Clarita 0 - Oceanside 0
BOTTOM OF THE 1ST
Oceanside Swamp Foxes batting - Pitching for Santa Clarita Music : RHP Carlos Ortíz
Pitching: RHP Carlos Ortíz
Batting: LHB Joel Nelson 0-0: Called Strike
0-1: Foul Ball, location: 2F
0-2: SINGLE (Flyball, 8LS)
Batting: RHB Carlos Sánchez 0-0: Called Strike
0-1: Ball
Joel Nelson steals 2nd base
1-1: Swinging Strike
1-2: Strikes out swinging
Batting: LHB Hamilton Hughes 0-0: Called Strike
0-1: Fly out, F7 (Flyball, 7D)
Runner from 2nd tags up, SAFE at 3rd, no throw
Batting: SHB Tony Yan 0-0: Foul Ball, location: 2F
0-1: Foul Ball, location: 2F
0-2: Ball
1-2: Ball
2-2: Foul Ball, location: 2F
2-2: Foul Ball, location: 2F
2-2: Foul Ball, location: 2F
2-2: Foul Ball, location: 2F
2-2: Foul Ball, location: 2F
2-2: Ball
3-2: 2-RUN HOME RUN (Flyball, 89XD), Distance : 418 ft
Batting: RHB Rob Turner 0-0: Foul Ball, location: 2F
0-1: Ball
1-1: Ground out 5-3 (Groundball, 56)
Bottom of the 1st over - 2 run(s), 2 hit(s), 0 error(s), 0 left on base; Santa Clarita 0 - Oceanside 2
TOP OF THE 2ND
Santa Clarita Music batting - Pitching for Oceanside Swamp Foxes : LHP Gabriel Rodríguez
Batting: RHB Steve Burton 0-0: Swinging Strike
0-1: Ball
1-1: Foul Ball, location: 2F
1-2: Foul Ball, location: 2F
1-2: Ground out 6-3 (Groundball, 6)
Batting: RHB António Martínez 0-0: Ball
1-0: Ground out 4-3 (Groundball, 4)
Batting: RHB Adam Gentry 0-0: Ball
1-0: Called Strike
1-1: DOUBLE (Popup, 8LS)
Batting: RHB Joe Wiggs 0-0: Called Strike
0-1: Called Strike
0-2: Foul Ball, location: 2F
0-2: Ball
1-2: Strikes out looking
Top of the 2nd over - 0 run(s), 1 hit(s), 0 error(s), 1 left on base; Santa Clarita 0 - Oceanside 2
BOTTOM OF THE 2ND
Oceanside Swamp Foxes batting - Pitching for Santa Clarita Music : RHP Carlos Ortíz
Batting: SHB David Boyle 0-0: Foul Ball, location: 2F
0-1: Foul Ball, location: 2F
0-2: Ball
1-2: Strikes out swinging
Batting: RHB Joe Brinkman 0-0: Called Strike
0-1: SINGLE (Groundball, 4MD)
Batting: LHB Luis Aragón 0-0: Ball
1-0: SINGLE (Line Drive, 89S)
Joe Brinkman to second
Batting: SHB Dale Winters 0-0: Called Strike
0-1: Fielders Choice at 2nd, 4-6 (Groundball, 4)
Joe Brinkman to third
Batting: LHB Joel Nelson 0-0: Ball
1-0: Ball
2-0: SINGLE (Line Drive, 8LS)
Joe Brinkman scores
Dale Winters to second
Batting: RHB Carlos Sánchez 0-0: Foul Ball, location: 2F
0-1: Ball
Passed Ball!
Dale Winters to third
Joel Nelson to second
1-1: Swinging Strike
1-2: Ground out 1-3 (Groundball, 15)
Bottom of the 2nd over - 1 run(s), 3 hit(s), 0 error(s), 2 left on base; Santa Clarita 0 - Oceanside 3
TOP OF THE 3RD
Santa Clarita Music batting - Pitching for Oceanside Swamp Foxes : LHP Gabriel Rodríguez
Batting: RHB Rickey Núńez 0-0: SINGLE (Line Drive, 7S)
Batting: RHB Jake Belcher 0-0: Foul Ball, location: 2F
0-1: Reached on Error, E7 (Flyball, 78M)
Rickey Núńez to second
Batting: RHB Art Cameron 0-0: Swinging Strike
0-1: Ball
1-1: Foul Ball, location: 2F
1-2: Ball
2-2: Ball
3-2: Foul Ball, location: 2F
3-2: Foul Ball, location: 2F
3-2: Strikes out swinging
Batting: RHB Justin Geoghegan 0-0: Swinging Strike
0-1: Ball
1-1: Foul Ball, location: 2F
1-2: Foul Ball, location: 2F
1-2: Strikes out swinging
Batting: LHB Rubén Salazar 0-0: Foul Ball, location: 2F
0-1: Hit by Pitch
Rickey Núńez to third
Jake Belcher to second
Batting: RHB Steve Burton 0-0: Called Strike
0-1: Called Strike
0-2: Ball
1-2: Ball
2-2: Strikes out swinging
Top of the 3rd over - 0 run(s), 1 hit(s), 1 error(s), 3 left on base; Santa Clarita 0 - Oceanside 3
BOTTOM OF THE 3RD
Oceanside Swamp Foxes batting - Pitching for Santa Clarita Music : RHP Carlos Ortíz
Batting: LHB Hamilton Hughes 0-0: Foul Ball, location: 2F
0-1: Ball
1-1: Fly out, F4 (Popup, 3D)
Batting: SHB Tony Yan 0-0: Ball
1-0: Swinging Strike
1-1: Ground out 3-1 (Groundball, 34)
Batting: RHB Rob Turner 0-0: Ball
1-0: DOUBLE (Line Drive, 78S)
Batting: SHB David Boyle 0-0: SINGLE (Line Drive, 56D)
Rob Turner to third
Runner from 3rd tries for Home, SAFE, no throw or cutoff
Batting: RHB Joe Brinkman 0-0: Ball
1-0: Swinging Strike
1-1: SINGLE (Groundball, 15S) (infield hit)
David Boyle to second
Batting: LHB Luis Aragón 0-0: Foul Ball, location: 2F
0-1: Called Strike
0-2: Ball
1-2: Ball
2-2: SINGLE (Line Drive, 4MD)
David Boyle to third
Joe Brinkman to second
Runner from 3rd tries for Home, SAFE, no throw or cutoff
Batting: SHB Dale Winters 0-0: Ball
1-0: Ball
2-0: Ball
3-0: Called Strike
3-1: SINGLE (Line Drive, 6M)
Joe Brinkman to third
Luis Aragón to second
Runner from 3rd tries for Home, SAFE, no throw or cutoff
Batting: LHB Joel Nelson 0-0: Ball
1-0: Called Strike
1-1: Ball
2-1: Ball
3-1: Called Strike
3-2: Foul Ball, location: 2F
3-2: SINGLE (Groundball, 25) (infield hit)
Luis Aragón to third
Dale Winters to second
Batting: RHB Carlos Sánchez 0-0: Fly out, F8 (Flyball, 8RM)
Bottom of the 3rd over - 3 run(s), 6 hit(s), 0 error(s), 3 left on base; Santa Clarita 0 - Oceanside 6
TOP OF THE 4TH
Santa Clarita Music batting - Pitching for Oceanside Swamp Foxes : LHP Gabriel Rodríguez
Batting: RHB António Martínez 0-0: Ball
1-0: Foul Ball, location: 2F
1-1: Foul Ball, location: 2F
1-2: SINGLE (Groundball, 6MD)
Batting: RHB Adam Gentry 0-0: Called Strike
0-1: Ball
1-1: Called Strike
1-2: Strikes out swinging
Batting: RHB Joe Wiggs 0-0: SINGLE (Groundball, 4MD)
António Martínez to second
Batting: RHB Rickey Núńez 0-0: Called Strike
0-1: Ball
1-1: Ball
2-1: Ball
3-1: Fly out, F9 (Line Drive, 9M)
Batting: RHB Jake Belcher 0-0: Called Strike
0-1: Ball
1-1: Called Strike
1-2: Ball
2-2: Strikes out looking
Top of the 4th over - 0 run(s), 2 hit(s), 0 error(s), 2 left on base; Santa Clarita 0 - Oceanside 6
BOTTOM OF THE 4TH
Oceanside Swamp Foxes batting - Pitching for Santa Clarita Music : RHP Carlos Ortíz
Batting: LHB Hamilton Hughes 0-0: Ball
1-0: Ball
2-0: Foul Ball, location: 2F
2-1: SINGLE (Flyball, 89S)
Batting: SHB Tony Yan 0-0: Called Strike
0-1: Ball
1-1: Called Strike
1-2: Ball
2-2: Grounds out, U3 (Groundball, 3L)
Batting: RHB Rob Turner 0-0: Foul Ball, location: 2F
0-1: Ball
1-1: Called Strike
1-2: Fly out, F6 (Line Drive, 6)
Pitching: RHP César Amaya
Batting: SHB David Boyle 0-0: Called Strike
0-1: Called Strike
0-2: Strikes out swinging
Bottom of the 4th over - 0 run(s), 1 hit(s), 0 error(s), 1 left on base; Santa Clarita 0 - Oceanside 6
TOP OF THE 5TH
Santa Clarita Music batting - Pitching for Oceanside Swamp Foxes : LHP Gabriel Rodríguez
Batting: RHB Art Cameron 0-0: Called Strike
0-1: Ball
1-1: Called Strike
1-2: Foul Ball, location: 2F
1-2: Fly out, F9 (Flyball, 9LM)
Batting: RHB Justin Geoghegan 0-0: Foul Ball, location: 2F
0-1: Ball
1-1: Ground out 6-3 (Groundball, 6)
Batting: LHB Rubén Salazar 0-0: Ground out 1-3 (Groundball, 15S)
Top of the 5th over - 0 run(s), 0 hit(s), 0 error(s), 0 left on base; Santa Clarita 0 - Oceanside 6
BOTTOM OF THE 5TH
Oceanside Swamp Foxes batting - Pitching for Santa Clarita Music : RHP César Amaya
Batting: RHB Joe Brinkman 0-0: Ball
1-0: Bunted foul
1-1: SINGLE (Line Drive, 6MD)
Batting: LHB Luis Aragón 0-0: Called Strike
0-1: Ball
1-1: Fly out, F8 (Flyball, 78XD)
Batting: SHB Dale Winters 0-0: Called Strike
0-1: Ball
1-1: Ball
2-1: Ball
Joe Brinkman steals 2nd base
3-1: Fly out, F7 (Flyball, 8LM)
Batting: LHB Joel Nelson 0-0: Ball
1-0: Called Strike
1-1: Foul Ball, location: 2F
1-2: Foul Ball, location: 2F
1-2: Ball
2-2: Ball
3-2: Foul Ball, location: 2F
3-2: Foul Ball, location: 2F
3-2: Ground out 4-3 (Groundball, 4MS)
Bottom of the 5th over - 0 run(s), 1 hit(s), 0 error(s), 1 left on base; Santa Clarita 0 - Oceanside 6
TOP OF THE 6TH
Santa Clarita Music batting - Pitching for Oceanside Swamp Foxes : LHP Gabriel Rodríguez
Batting: RHB Steve Burton 0-0: Called Strike
0-1: Ground out 5-3 (Groundball, 5S)
Batting: RHB António Martínez 0-0: Foul Ball, location: 2F
0-1: Ground out 4-3 (Groundball, 4)
Batting: RHB Adam Gentry 0-0: Ball
1-0: Foul Ball, location: 2F
1-1: Swinging Strike
1-2: Ground out 4-3 (Groundball, 4)
Top of the 6th over - 0 run(s), 0 hit(s), 0 error(s), 0 left on base; Santa Clarita 0 - Oceanside 6
BOTTOM OF THE 6TH
Oceanside Swamp Foxes batting - Pitching for Santa Clarita Music : RHP César Amaya
Batting: RHB Carlos Sánchez 0-0: Fly out, F9 (Flyball, 9M)
Batting: LHB Hamilton Hughes 0-0: Reached on error, E4 (Groundball, 4)
Batting: SHB Tony Yan 0-0: Ball
1-0: Ball
2-0: Ball
3-0: Called Strike
3-1: Base on Balls
Hamilton Hughes to second
Batting: RHB Rob Turner 0-0: Ball
1-0: Ball
2-0: Ball
3-0: Called Strike
3-1: Foul Ball, location: 2F
3-2: Base on Balls
Hamilton Hughes to third
Tony Yan to second
Batting: SHB David Boyle 0-0: Foul Ball, location: 2F
0-1: Fly out, F6 (Line Drive, 6)
0-1: Fly out, F6 (Line Drive, 6)
Batting: RHB Joe Brinkman 0-0: Called Strike
0-1: Ground out 1-3 (Groundball, 13)
Bottom of the 6th over - 0 run(s), 0 hit(s), 1 error(s), 3 left on base; Santa Clarita 0 - Oceanside 6
TOP OF THE 7TH
Santa Clarita Music batting - Pitching for Oceanside Swamp Foxes : LHP Gabriel Rodríguez
Pitching: LHP Lorenzo Guzmán
Batting: RHB Joe Wiggs 0-0: Ball
1-0: Called Strike
1-1: Fly out, F6 (Popup, 6M)
Batting: RHB Rickey Núńez 0-0: Ball
1-0: Ball
2-0: Ball
3-0: Called Strike
3-1: Ground out 6-3 (Groundball, 6)
Batting: RHB Jake Belcher 0-0: Called Strike
0-1: Called Strike
0-2: Ball
1-2: Foul Ball, location: 2F
1-2: Ball
2-2: Ball
3-2: Strikes out swinging
Top of the 7th over - 0 run(s), 0 hit(s), 0 error(s), 0 left on base; Santa Clarita 0 - Oceanside 6
BOTTOM OF THE 7TH
Oceanside Swamp Foxes batting - Pitching for Santa Clarita Music : RHP César Amaya
Pitching: LHP Jorge Gatán
Batting: LHB Luis Aragón 0-0: Ground out 4-3 (Groundball, 4)
Batting: SHB Dale Winters 0-0: Ball
1-0: Ball
2-0: Ball
3-0: Base on Balls
Batting: LHB Joel Nelson 0-0: Called Strike
0-1: Swinging Strike
0-2: Ball
1-2: SINGLE (Groundball, 6M)
Dale Winters to second
Runner from 2nd tries for 3rd, SAFE, no throw or cutoff
Batting: RHB Carlos Sánchez 0-0: Called Strike
0-1: Ball
1-1: Ball
2-1: Swinging Strike
2-2: Strikes out swinging
Batting: LHB Hamilton Hughes 0-0: Called Strike
0-1: Ball
1-1: Fly out, F7 (Flyball, 78D)
Bottom of the 7th over - 0 run(s), 1 hit(s), 0 error(s), 2 left on base; Santa Clarita 0 - Oceanside 6
TOP OF THE 8TH
Santa Clarita Music batting - Pitching for Oceanside Swamp Foxes : LHP Lorenzo Guzmán
Batting: RHB Art Cameron 0-0: Fly out, F7 (Flyball, 78M)
Batting: RHB Justin Geoghegan 0-0: Ball
1-0: Ball
2-0: Swinging Strike
2-1: Called Strike
2-2: Ball
3-2: Base on Balls
Batting: LHB Rubén Salazar 0-0: Called Strike
0-1: Foul Ball, location: 2F
0-2: SINGLE (Line Drive, 4D)
Justin Geoghegan to second
Batting: RHB Steve Burton 0-0: Called Strike
0-1: Ball
1-1: Called Strike
1-2: Ball
2-2: Fielders Choice at 2nd, 6-4 (Groundball, 6)
Justin Geoghegan to third
Batting: RHB António Martínez 0-0: Called Strike
0-1: SINGLE (Groundball, 4MD)
Justin Geoghegan scores
Steve Burton to second
Batting: RHB Adam Gentry 0-0: Ball
1-0: Foul Ball, location: 2F
1-1: Ball
2-1: Ball
3-1: Ground out 5-3 (Groundball, 56S)
Top of the 8th over - 1 run(s), 2 hit(s), 0 error(s), 2 left on base; Santa Clarita 1 - Oceanside 6
BOTTOM OF THE 8TH
Oceanside Swamp Foxes batting - Pitching for Santa Clarita Music : LHP Jorge Gatán
Batting: SHB Tony Yan 0-0: Ball
1-0: Called Strike
1-1: Foul Ball, location: 2F
1-2: Strikes out swinging
Batting: RHB Rob Turner 0-0: Ball
1-0: Ball
2-0: Called Strike
2-1: DOUBLE (Line Drive, 8LS)
Batting: SHB David Boyle 0-0: Ball
1-0: Ground out 6-3 (Groundball, 6)
Batting: RHB Joe Brinkman 0-0: Intentional Walk
Batting: LHB Luis Aragón 0-0: Ball
1-0: Ball
2-0: Called Strike
2-1: DOUBLE (Flyball, 8RM)
Rob Turner scores
Joe Brinkman to third
Batting: SHB Dale Winters 0-0: Ball
1-0: Swinging Strike
1-1: Called Strike
1-2: Strikes out swinging
Bottom of the 8th over - 1 run(s), 2 hit(s), 0 error(s), 2 left on base; Santa Clarita 1 - Oceanside 7
TOP OF THE 9TH
Santa Clarita Music batting - Pitching for Oceanside Swamp Foxes : LHP Lorenzo Guzmán
Batting: RHB Joe Wiggs 0-0: Called Strike
0-1: Ball
1-1: SINGLE (Groundball, 6M)
Batting: RHB Rickey Núńez 0-0: Swinging Strike
0-1: Fly out, F7 (Flyball, 7D)
Batting: RHB Jake Belcher 0-0: Foul Ball, location: 2F
0-1: Ball
1-1: Swinging Strike
1-2: Ball
2-2: Strikes out swinging
Batting: RHB Art Cameron 0-0: 2-RUN HOME RUN (Flyball, 89XD), Distance : 425 ft
Batting: RHB Justin Geoghegan 0-0: Foul Ball, location: 2F
0-1: Ball
1-1: Foul Ball, location: 2F
1-2: Fly out, F6 (Line Drive, 6)
Top of the 9th over - 2 run(s), 2 hit(s), 0 error(s), 0 left on base; Santa Clarita 3 - Oceanside 7
Monday, December 5th, 2016 - OOTP Baseball 17.12 Build 75